Map: Ever Dream LE

Players

AlanTuring - Winner!

  • Race: Protoss Protoss
  • League: Platinum
  • Spawn Location: 7:00

Supremefist

  • Race: Zerg Zerg
  • League: Platinum
  • Spawn Location: 1:00

VOD

Have the link to the VOD?

Description

Time

  • Played on: May 22, 2020, 4:25 a.m.
  • Length: 7:36
Show
View Real Time Build Order
Export as new Build Order

AlanTuring Protoss - Winner!

Build Orders: 1 Gate Expand 

Get SALT Encoding   

  12  0:01  Probe  
  13  0:13  Probe  
  14  0:22  Pylon  
  14  0:25  Probe  
  15  0:40  Probe (Chrono Boost)  
  16  0:44  Gateway  
  16  0:48  Assimilator  
  16  0:52  Probe (Chrono Boost)  
  17  0:59  Probe (Chrono Boost)  
  18  1:06  Probe  
  19  1:18  Probe  
  20  1:31  Nexus  
  20  1:46  Cybernetics Core  
  20  1:49  Pylon  
  20  1:55  Assimilator  
  20  1:58  Probe (Chrono Boost)  
  22  2:09  Probe (Chrono Boost)  
  22  2:10  Zealot (Chrono Boost)  
  22  2:14  Probe (Chrono Boost)  
  25  2:32  Pylon  
  25  2:40  Robotics Facility  
  25  2:43  Probe x2  
  27  2:55  Probe (Chrono Boost)  
  27  2:56  Twilight Council  
  29  2:59  Probe (Chrono Boost)  
  29  3:06  Probe (Chrono Boost)  
  29  3:10  Probe (Chrono Boost), Stalker (Chrono Boost)  
  32  3:12  Warp Gate  
  32  3:14  Probe  
  32  3:19  Probe  
  34  3:33  Immortal  
  38  3:53  Probe  
  38  3:54  Probe, Charge (Chrono Boost)  
  40  4:05  Probe  
  40  4:06  Probe  
  40  4:09  Immortal (Chrono Boost)  
  42  4:13  Pylon  
  46  4:18  Probe x2  
  48  4:30  Probe x2  
  50  4:34  Gateway  
  50  4:36  Gateway  
  50  4:40  Gateway  
  50  4:41  Gateway  
  50  4:46  Warp Prism (Chrono Boost)  
  52  4:54  Gateway  
  52  4:58  Gateway  
  52  5:04  Zealot  
  54  5:19  Pylon  
  52  5:22  Pylon  
  52  5:24  Pylon  
  48  5:33  Zealot x3  
  52  5:40  Zealot x2  
  50  6:04  Zealot x7  
  64  6:23  Pylon  
  64  6:25  Pylon  
  64  6:27  Zealot x3  
  64  6:28  Zealot x3  
  64  6:29  Zealot  
  78  6:43  Pylon  
  78  6:45  Pylon  
  78  6:57  Zealot x4  
  78  6:58  Zealot x2  
  60  7:11  Zealot  
  60  7:18  Zealot  
  60  7:19  Zealot x3  
  60  7:20  Zealot  
  70  7:33  Zealot x2  
Show
View Real Time Build Order
Export as new Build Order

Supremefist Zerg 

Build Orders: Hatch First 

Get SALT Encoding   

  12  0:02  Drone  
  13  0:14  Overlord  
  13  0:17  Drone  
  14  0:32  Drone x2  
  16  0:49  Hatchery  
  15  0:52  Drone  
  15  0:56  Drone  
  17  1:05  Drone  
  17  1:11  Extractor  
  17  1:17  Spawning Pool  
  17  1:18  Drone  
  17  1:22  Drone  
  18  1:29  Drone  
  19  1:44  Drone  
  20  1:51  Overlord  
  20  2:05  Queen x2  
  20  2:06  Zergling x4  
  26  2:14  Metabolic Boost  
  26  2:19  Drone x2  
  28  2:35  Drone x4  
  32  2:44  Queen  
  34  3:05  Hatchery  
  33  3:06  Drone  
  33  3:07  Drone x2  
  33  3:08  Overlord x2  
  36  3:33  Drone x7  
  43  3:38  Baneling Nest  
  42  3:41  Zergling x2  
  42  3:42  Zergling x2  
  44  3:55  Zergling x12  
  50  3:59  Overlord x2  
  50  4:10  Spore Crawler  
  50  4:15  Spore Crawler, Zergling x2  
  50  4:16  Zergling x2  
  50  4:25  Overlord  
  50  4:26  Overlord  
  50  4:30  Zergling x18  
  59  4:38  Drone  
  60  4:40  Drone  
  60  4:42  Drone  
  62  4:50  Baneling  
  62  4:51  Baneling x6  
  62  4:56  Zergling x6  
  51  5:40  Zergling x10  
  51  5:41  Zergling x14  
  53  5:58  Drone x4  
  57  6:04  Lair  
  57  6:06  Queen x2  
  57  6:10  Drone x4  
  64  6:34  Baneling x8  
  64  6:36  Zergling x16  
  64  6:37  Zergling x14  
  79  6:41  Hatchery  
  62  7:02  Zergling x14  
Tags
 
Add a new tag
Caveats
  • Supply blocks, unpowered buildings, or Contaminate may cause inaccurate times.
  • Supply counts are checked every 10 seconds.